AoeStats
← Wolf-Salomon

Arena

510203380Analyzed
4v4 RM · 13h ago on Sep 29, 2026· 55m 53s· 8 players
Game mode
Random Map
Map size
Large (8 player)
Population
200
Speed
Normal
Resources
Standard
Victory
Conquest
Starting age
Dark Age
Ending age
Imperial Age
RankedLock teamsTeams togetherTeam positionsShared explorationLock speedFull tech treeHidden civsTurbo modeCheats
Victory
Defeat
🇨🇳 Japanese · China
807
+14
🇸🇬 Huns · Singapore
795
+15
🇹🇼 Malians · Taiwan
754
+16
🇮🇳 Khmer · India
752
+17
🇦🇷 Bengalis · Argentina
810
-17
🇦🇷 Khmer · Argentina
773
-16
🇨🇴 Celts · Colombia
757
-15
🇺🇸 Varangians · United States
727
-14
General Herald
12:26 Feudal Age
16:35 Castle Age
21:38 Imperial Age
19:51 Double-Bit Axe
21:22 Wheelbarrow
21:05 Town Watch
24:08 Hand Cart
23:53 Town Patrol
24:39 Horse Collar
27:02 Caravan
27:12 Town Patrol
28:03 Heavy Plow
28:37 Bow Saw
33:54 Loom
34:45 Crop Rotation
34:26 Forging
34:16 Scale Mail Armor
34:22 Scale Barding Armor
37:34 Gold Mining
37:34 Stone Mining
37:20 Light Cavalry
38:11 Bloodlines
38:03 Husbandry
37:30 Elite Battle Elephant
38:21 Heavy Scorpion
41:10 Elite Ballista Elephant
41:51 Double Crossbow
42:32 Conscription
43:31 Iron Casting
43:01 Scale Barding Armor
43:54 Hussar
46:11 Chemistry
45:32 Ballistics
49:03 Cavalier
54:08 Blast Furnace
53:28 Chain Barding Armor
Soldaris
0:53 Loom
10:07 Feudal Age
10:36 Double-Bit Axe
11:29 Wheelbarrow
10:39 Horse Collar
13:30 Gold Mining
13:55 Stone Mining
19:39 Castle Age
18:35 Fletching
22:19 Bow Saw
22:41 Heavy Plow
23:13 Hand Cart
28:18 Gold Shaft Mining
29:50 Caravan
32:49 Imperial Age
30:17 Bodkin Arrow
30:33 Forging
33:24 Iron Casting
33:16 Ballistics
32:53 Murder Holes
34:56 Two-Man Saw
34:28 Bracer
35:29 Blast Furnace
34:34 Scale Barding Armor
35:38 Scale Mail Armor
35:39 Padded Archer Armor
36:12 Conscription
35:53 Marauders
37:01 Chemistry
35:25 Elite Tarkan
37:10 Bloodlines
37:01 Husbandry
37:41 Masonry
38:15 Parthian Tactics
37:56 Thumb Ring
37:12 Heavy Cavalry Archer
38:46 Chain Barding Armor
40:31 Plate Barding Armor
52:57 Leather Archer Armor
52:58 Chain Mail Armor
瀧注洄洮
9:58 Feudal Age
10:25 Double-Bit Axe
10:21 Horse Collar
16:11 Wheelbarrow
18:17 Castle Age
16:16 Gold Mining
16:47 Stone Mining
18:14 Forging
20:34 Husbandry
21:11 Bow Saw
23:09 Scale Barding Armor
27:15 Tigui
34:12 Imperial Age
32:30 Bloodlines
33:48 Stone Shaft Mining
33:49 Gold Shaft Mining
32:42 Light Cavalry
36:03 Hand Cart
35:34 Loom
35:34 Town Watch
37:01 Heavy Plow
37:31 Farimba
37:24 Cavalier
38:55 Chain Barding Armor
39:24 Conscription
40:25 Chemistry
39:46 Ballistics
39:38 Fortified Wall
39:10 Treadmill Crane
39:41 Masonry
40:22 Onager
44:53 Plate Barding Armor
44:54 Iron Casting
44:09 Fletching
48:03 Tigui
49:37 Elite Skirmisher
54:23 Thumb Ring
小菜机
10:57 Feudal Age
14:59 Castle Age
13:15 Double-Bit Axe
16:40 Bow Saw
24:04 Gold Mining
25:52 Gold Shaft Mining
25:08 Stone Mining
30:17 Imperial Age
28:08 Scale Mail Armor
28:19 Forging
29:41 Chain Mail Armor
30:09 Wheelbarrow
29:17 Horse Collar
30:41 Iron Casting
30:40 Heavy Plow
31:08 Hand Cart
31:36 Kataparuto
31:38 Conscription
31:55 Caravan
31:47 Elite Samurai
34:01 Plate Mail Armor
34:32 Blast Furnace
41:52 Squires
41:15 Pikeman
42:11 Halberdier
52:35 Arson
KRATOS25085670
15:39 Feudal Age
17:45 Double-Bit Axe
17:56 Horse Collar
21:41 Castle Age
23:16 Bow Saw
23:09 Heavy Plow
24:51 Wheelbarrow
26:31 Hand Cart
33:55 Imperial Age
32:04 Forging
34:21 Squires
35:38 Two-Man Saw
35:10 Crop Rotation
34:03 Elite Varangian Guard
34:05 Capped Ram
35:59 Caravan
36:37 Gold Mining
36:41 Stone Mining
36:23 Siege Ram
37:31 Gothikon
38:50 Iron Casting
38:16 Scale Mail Armor
40:08 Stone Shaft Mining
45:42 Heavy Scorpion
46:31 Siege Engineers
47:07 Onager
53:33 Chemistry
EL THANOS
0:38 Loom
12:01 Feudal Age
12:53 Double-Bit Axe
14:01 Horse Collar
19:12 Castle Age
17:30 Stone Mining
19:03 Gold Mining
20:19 Bow Saw
22:08 Heavy Plow
27:19 Gold Shaft Mining
32:37 Imperial Age
30:37 Padded Archer Armor
30:28 Fletching
31:20 Caravan
32:26 Wheelbarrow
32:51 Ballistics
32:49 Town Watch
33:59 Hand Cart
34:54 Chemistry
34:00 Siege Engineers
33:58 Heavy Scorpion
36:07 Furor Celtica
36:53 Town Patrol
36:30 Capped Ram
37:47 Siege Ram
40:44 Leather Archer Armor
40:24 Bodkin Arrow
40:30 Scale Mail Armor
40:41 Forging
41:18 Elite Woad Raider
42:35 Ring Archer Armor
46:41 Chain Mail Armor
47:02 Iron Casting
53:41 Plate Mail Armor
Wolf-Salomon
10:59 Feudal Age
11:34 Double-Bit Axe
13:28 Wheelbarrow
12:39 Horse Collar
17:36 Loom
20:16 Castle Age
18:29 Gold Mining
21:12 Hand Cart
22:06 Gold Shaft Mining
22:00 Bow Saw
22:01 Town Watch
25:53 Fletching
26:48 Heavy Plow
27:32 Fortified Wall
28:27 Stone Mining
30:00 Masonry
30:02 Town Patrol
33:19 Imperial Age
32:00 Elite Skirmisher
33:52 Forging
34:21 Ballistics
34:29 Conscription
34:53 Crop Rotation
35:29 Chemistry
35:35 Chemistry
36:20 Iron Casting
35:51 Scale Barding Armor
35:42 Bodkin Arrow
36:20 Architecture
35:17 Pikeman
36:36 Caravan
37:33 Stone Shaft Mining
38:06 Blast Furnace
38:27 Coinage
38:24 Bracer
39:26 Double Crossbow
39:51 Chain Barding Armor
39:54 Scale Mail Armor
40:07 Tusk Swords
41:37 Banking
41:42 Elite Ballista Elephant
43:41 Plate Barding Armor
43:23 Chain Mail Armor
44:44 Hoardings
46:10 Siege Engineers
46:52 Halberdier
48:07 Crossbowman
49:35 Arson
49:55 Padded Archer Armor
49:21 Arbalester
Yova
0:27 Loom
11:10 Feudal Age
12:28 Double-Bit Axe
17:17 Castle Age
15:51 Horse Collar
20:12 Scale Barding Armor
26:27 Chain Barding Armor
26:57 Paiks
27:29 Forging
29:02 Bow Saw
29:57 Bloodlines
33:17 Imperial Age
32:59 Iron Casting
35:33 Two-Man Saw
35:40 Chemistry
35:55 Redemption
36:26 Wheelbarrow
36:27 Elite Battle Elephant
39:44 Plate Barding Armor
41:32 Elite Elephant Archer
42:44 Hand Cart
43:46 Elite Skirmisher
47:09 Fletching
51:44 Blast Furnace
Connection lost

Rejoining the realm…

Still unreachable

The connection could not be restored.

Session expired

The server has moved on; the page needs a fresh start.